 Dungeon Crawl Stone Soup version 0.31-a0-1591-g515db51633 (webtiles) character file.

Game seed: 4956756739928618827

21 Flugslaktarn the Apothecary (level 2, -2/17 HPs)
             Began as an Octopode Alchemist on Jan 6, 2024.
             Killed from afar by an orc wizard (12 damage)
             ... with a puff of flame
             ... on level 4 of the Dungeon.
             The game lasted 00:00:35 (306 turns).

Flugslaktarn the Apothecary (Octopode Alchemist)     Turns: 306, Time: 00:00:35

Health: -2/17      AC:  1    Str:  7    XL:     2   Next: 83%
Magic:  3/5        EV: 13    Int: 17    God:
Gold:   11         SH:  0    Dex: 12    Spells: 4/5 levels left

rFire   . . .        b - +0 short sword
rCold   . . .        (no shield)
rNeg    . . .        (helmet restricted)
rPois   .            (no amulet)
rElec   .            (no ring)
rCorr   .            (no ring)
SInv    .            (no ring)
Will    .....        (no ring)
Stlth   +++          (no ring)
HPRegen 0.22/turn    (no ring)
MPRegen 0.09/turn    (no ring)
                     (no ring)

%: no passive effects
@: no status effects
A: almost no armour, amphibious, 8 rings, camouflage 1, gelatinous body 1,
(nimble swimmer 1), tentacles
a: no special abilities


You were on level 4 of the Dungeon.
You visited 1 branch of the dungeon, and saw 4 of its levels.

You collected 11 gold pieces.

Inventory:

Hand Weapons
 b - a +0 short sword (weapon)
   (You took it off a kobold on level 1 of the Dungeon)
Scrolls
 c - a scroll of teleportation {unknown}
 e - a scroll of immolation {unknown}
Potions
 a - a potion of magic
 d - a potion of ambrosia {unknown}


   Skills:
 - Level 2.0 Dodging
 - Level 2.6 Stealth
 + Level 2.4 Spellcasting
 - Level 1.0 Conjurations
 * Level 4.0 Alchemy


You had 4 spell levels left.
You knew the following spells:

 Your Spells              Type           Power      Damage    Failure   Level
a - Sting                 Conj/Alch      40%        1d5       7%          1

Your spell library contained the following spells:

 Spells                   Type           Power      Damage    Failure   Level
 Mercury Vapours          Alch/Air       16%        N/A       12%         2
 Mephitic Cloud           Conj/Alch/Air  7%         N/A       28%         3
 Olgreb's Toxic Radiance  Alch           15%        N/A       34%         4
 Sticky Flame             Fire/Alch      8%         2d4       63%         4
 Manifold Assault         Tloc           2%         N/A       88%         4
 Dispersal                Tloc           1%         N/A       100%        6
 Disjunction              Tloc           1%         N/A       100%        8


Dungeon Overview and Level Annotations

Branches:
Dungeon (4/15)
 Temple: D:4-7

Altars:


Innate Abilities, Weirdness & Mutations

You cannot wear most types of armour.
You are amphibious.
You can wear up to eight rings at the same time.
Your skin changes colour to match your surroundings (Stealth+).
Your rubbery body absorbs attacks. (AC +1, EV +1)
((You are camouflaged when in or above water. (Stealth+)))
You have tentacles for arms and can constrict up to eight enemies at once.


Message History

* * * LOW HITPOINT WARNING * * *
You hit the endoplasm.
You kill the endoplasm!
d - a fizzy red potion
Found a dagger.
You now have 11 gold pieces (gained 6).
An orc comes into view. It is wielding a +0 club.
An orc is nearby!
Unknown command.
An orc comes into view. It is wielding a +0 club.
A kobold comes into view.
It is wielding a +0 club and quivering poisoned darts.
You open the door.
Found a book of the Warp.
There is an open door here.
You pick up a book of the Warp and begin reading...
You add the spells Manifold Assault, Dispersal and Disjunction to your library.
There is an open door here.
You hear the slow rusting of a very distant drain.
You open the door.
There is an open door here.
Magic restored.
Found a stone staircase leading down.
An orc comes into view. It is wielding a +0 falchion.
Unknown command.
The orc shouts!
An orc priest comes into view. It is wielding a +0 dagger.
Casting: Sting (safe; 7% risk of failure)
Confirm with . or Enter, or press ? or * to list all spells.
Aiming: Sting (safe; 7% risk of failure)
Press: ? - help, Shift-Dir - straight line, f - orc
Aim: an orc, wielding a +0 falchion and wearing a +0 ring mail (75% to hit)
The sting hits the orc.
The orc is poisoned.
The orc is severely wounded.
You kill the orc!
Casting: Sting (safe; 7% risk of failure)
Confirm with . or Enter, or press ? or * to list all spells.
You can't see any susceptible monsters within range! (Use Z to cast anyway.)
You open the door. You open the door.
There is an open door here.
You open the door.
A hobgoblin and an orc wizard come into view.
There is an open door here.
An orc comes into view. It is wielding a +0 hand axe.
The hobgoblin shouts!
Found a scroll labelled SYDETI EDEKET.
Casting: Sting (safe; 7% risk of failure)
Confirm with . or Enter, or press ? or * to list all spells.
Aiming: Sting (safe; 7% risk of failure)
Press: ? - help, Shift-Dir - straight line, f - hobgoblin
Aim: a hobgoblin (71% to hit)
The sting hits the hobgoblin.
The hobgoblin is poisoned.
The hobgoblin is heavily wounded.
You hit the hobgoblin but do no damage. You grab the hobgoblin.
You squeeze the hobgoblin.
You kill the hobgoblin!
No target in view!
e - a scroll labelled SYDETI EDEKET You hear the slow rusting of a very distant drain.
You open the door.
There is an open door here.
You open the door. 2 orcs come into view.
The orc shouts! x2; The orc wizard shouts!
Casting: Sting (safe; 7% risk of failure)
Confirm with . or Enter, or press ? or * to list all spells.
Aiming: Sting (safe; 7% risk of failure)
Press: ? - help, Shift-Dir - straight line, f - orc
Aim: an orc, wielding a +0 hand axe (71% to hit)
The sting misses the orc. x2
Casting: Sting (safe; 7% risk of failure)
Confirm with . or Enter, or press ? or * to list all spells.
Aiming: Sting (safe; 7% risk of failure)
Press: ? - help, Shift-Dir - straight line, f/p - orc
Aim: an orc, wielding a +0 hand axe (71% to hit)
The sting hits the orc.
The orc is poisoned.
The orc is moderately wounded.
You kill the orc!
Your Alchemy skill increases to level 4!
There is an open door here.
Casting: Sting (safe; 7% risk of failure)
Confirm with . or Enter, or press ? or * to list all spells.
Aiming: Sting (safe; 7% risk of failure)
Press: ? - help, Shift-Dir - straight line, f - orc
Aim: an orc, wielding a +0 hand axe (71% to hit)
The sting hits the orc.
The orc is poisoned.
The orc is heavily wounded.
The orc hits you with a +0 hand axe!
You barely miss the orc. Your grab misses the orc. Your squeeze misses the orc.
The orc is heavily wounded.
The orc barely misses you.
You barely miss the orc. Your grab misses the orc.
The orc is heavily wounded.
The orc misses you.
You hit the orc.
You kill the orc!
The orc wizard points at you and mumbles some strange words.
The puff of flame hits you!
Ouch! That really hurt!
You die...

............#...#
...o.......#...#
..........#...#
.######'###.....##'##
.......)..#o....#...#
###.......#.....#...#
#.......#.....'...#
#.......#.....#...#
#.....o.@.....#...#
#.......#.....#...#
#########.....#####
#.....# #.....#
#.....# #.....#
#.....# #.....#


You could see an orc wizard and an orc.

Vanquished Creatures
  An adder (D:3)
  3 orcs (D:4)
  An endoplasm (D:4)
  2 hobgoblins
  A goblin (D:2)
  A kobold (D:1)
9 creatures vanquished.

Notes
Turn   | Place    | Note
-------+----------+-------------------------------------------
     0 | D:1      | Flugslaktarn the Octopode Alchemist began the quest for the
                  | Orb.
     0 | D:1      | Reached XP level 1. HP: 11/11 MP: 3/3
   175 | D:3      | Reached XP level 2. HP: 8/17 MP: 1/5
   299 | D:4      | Reached skill level 4 in Alchemy
   306 | D:4      | Killed from afar by an orc wizard

Illustrated notes

Levels and vault maps discovered:
D:1:      heliophobic_arrival_battle_scene, layout_basic, minmay_tetromino_i2
D:2:      layout_basic
D:3:      layout_rooms, serial_corexii_hall, corexii_hall_statues_u,
          chequers_hall_statues_y
D:4:      layout_gridville, old_standard_altar, mainiacjoe_overflow_alcove_4,
          nicolae_overflow_hidden_temple, portal_sewer_entry_b

Skill      XL: |  1  2 |
---------------+-------+-----
Alchemy        | 4 |  4.0
Dodging        | |  2.0
Stealth        | |  2.6
Spellcasting   | |  2.4
Conjurations   | |  1.0

Action                     || total
---------------------------++-------
  Melee: Unarmed           ||     6
         Short sword       ||     9
         Constrict         ||     3
         Tentacles         ||     3
   Cast: Sting             ||    12
 Armour: Skin              ||     6
  Dodge: Dodged            ||     8

Table legend: (Time is in decaauts)
 A = Elapsed time spent in this place.
 B = Non-inter-level travel time spent in this place.
 C = Inter-level travel time spent in this place.
 D = Time resting spent in this place.
 E = Time spent auto-exploring this place.
 F = Levels seen in this place.
 G = Mean time per level.
                   A        B        C        D        E       F      G
               +--------+--------+--------+--------+--------+-----+--------+
         Total |    304 |    268 |     36 |      0 |    105 |   4 |   76.0 |
       Dungeon |    304 |    268 |     36 |      0 |    105 |   4 |   76.0 |
               +--------+--------+--------+--------+--------+-----+--------+

Top non-repeatable levels by time:
     D:4: 123 daAuts
     D:2: 91 daAuts
     D:1: 54 daAuts
     D:3: 34 daAuts
